 Dungeon Crawl Stone Soup version 0.29.1-15-g9cfb28693d (console) character file.

Game seed: 12212607215341571818

60 Zeor the Chopper (level 3, -2/29 HPs)
             Began as a Demonspawn Monk on Mar 20, 2023.
             Slain by Natasha (6 damage)
             ... on level 2 of the Dungeon.
             The game lasted 00:03:43 (1804 turns).

Zeor the Chopper (Demonspawn Monk)                  Turns: 1804, Time: 00:03:43

Health: -2/29      AC:  8    Str: 13    XL:     3   Next: 80%
Magic:  3/3        EV:  6    Int: 11    God:
Gold:   152        SH:  0    Dex: 15    Spells: 2/2 levels left

rFire   . . .      SeeInvis .   a - +0 hand axe
rCold   . . .      Faith    .   (no shield)
rNeg    . . .      Spirit   .   e - +0 chain mail
rPois   .          Reflect  .   (helmet restricted)
rElec   .          Harm     .   (no cloak)
rCorr   .          Rampage  .   (no gloves)
Will    .....                   (no boots)
Stlth   ..........              (no amulet)
HPRegen 0.09/turn               (no ring)
MPRegen 0.08/turn               (no ring)

@: no status effects
A: horns 1
a: no special abilities


You were on level 2 of the Dungeon.
You visited 1 branch of the dungeon, and saw 2 of its levels.

You collected 152 gold pieces.

Inventory:

Hand Weapons
 a - a +0 hand axe (weapon)
Armour
 e - a +0 chain mail (worn)
Potions
 b - a potion of heal wounds {unknown}
 c - a potion of ambrosia
 d - a potion of mutation {unknown}


   Skills:
 + Level 3.4 Fighting
 * Level 3.7 Axes
 + Level 3.0 Dodging
 + Level 2.0 Stealth


You had 2 spell levels left.
You didn't know any spells.
Your spell library contained the following spells:

 Spells                   Type           Power      Damage    Failure   Level
 Gell's Gravitas          Tloc           0%         N/A       100%        3
 Lesser Beckoning         Tloc           0%         N/A       100%        3
 Teleport Other           Tloc           0%         N/A       100%        3
 Corpse Rot               Necr/Pois/Air  0%         N/A       100%        4
 Dispel Undead            Necr           0%         3d6       100%        4
 Death Channel            Necr           0%         N/A       100%        6


Dungeon Overview and Level Annotations

Branches:
Dungeon (2/15)

Altars:

Annotations:
D:2 Natasha


Innate Abilities, Weirdness & Mutations

You have a pair of small horns on your head.


Message History

The white imp disappears in a puff of smoke!
You barely miss Natasha.
Natasha stares at you and mumbles some strange words.
The magic dart hits you.
A hobgoblin comes into view.
Natasha barely misses you.
The hobgoblin shouts!
You hit Natasha.
Natasha is moderately wounded.
Natasha claws you.
You hit Natasha. You headbutt Natasha, but do no damage.
Natasha is severely wounded.
Natasha casts a spell at you. The magic dart hits you.
You barely miss Natasha.
Natasha is severely wounded.
Natasha claws you but does no damage.
You closely miss Natasha.
Natasha is severely wounded.
You barely miss the kobold. The kobold hits you but does no damage.
Natasha claws you.
You miss Natasha.
Natasha is severely wounded.
You hit the kobold. The kobold hits you but does no damage.
Natasha stares at you and mumbles some strange words.
The magic dart hits you. The kobold closely misses you.
You barely miss Natasha.
Natasha is severely wounded.
You hit the kobold.
You kill the kobold!
Natasha claws you!
* * * LOW HITPOINT WARNING * * *
You hit the hobgoblin.
The hobgoblin is severely wounded.
You hit Natasha but do no damage. Natasha claws you but does no damage.
The hobgoblin hits you but does no damage.
You hit the hobgoblin. Your punch misses the hobgoblin.
The hobgoblin is almost dead.
You hit Natasha. Natasha claws you.
You die... ▒▒∙▒▒▒▒∙▒▒∙∙∙∙∙∙ ∙∙∙∙∙∙∙∙∙∙∙∙∙∙∙∙∙∙∙∙∙∙∙∙ ∙∙∙∙∙∙∙>∙∙∙(∙∙∙∙∙▒∙∙∙∙∙∙ ∙∙∙∙∙∙∙∙∙∙∙∙∙∙∙∙∙∙∙∙∙∙∙∙

∙∙∙∙∙∙∙∙∙∙[∙∙∙∙∙▒∙∙∙∙∙∙∙
♣∙∙∙∙∙∙∙∙∙∙∙∙∙∙∙∙∙∙▒▒▒▒∙
P∙∙∙∙∙∙∙∙∙∙∙∙∙∙∙▒▒▒▒ ▒▒
∙∙∙∙∙∙)∙∙∙∙∙∙∙∙∙∙▒▒▒▒ ▒
∙∙∙∙∙∙∙∙g6∙∙∙∙∙∙∙∙∙∙∙∙▒▒▒▒
▒∙∙∙∙∙∙∙h∙∙∙∙∙∙∙∙∙∙<∙∙∙∙∙∙
▒∙∙∙∙∙∙∙∙∙∙∙∙∙∙∙∙∙∙∙∙∙∙∙∙∙
▒∙∙∙∙∙∙∙∙∙♣♣♣∙♣∙∙∙∙∙∙∙∙∙∙∙
▒∙∙∙∙∙∙∙∙♣♣∙∙∙♣∙∙∙∙∙∙∙∙>∙∙
▒∙∙∙∙∙∙∙∙♣∙∙♣♣♣∙∙∙∙∙∙∙∙∙∙∙
♣∙♣♣∙∙∙∙∙♣P∙♣∙♣▒▒▒∙∙∙▒▒▒▒∙
♣∙♣P♣∙∙∙∙♣∙P∙♣♣ ▒∙∙∙▒▒▒∙∙∙
♣P♣∙P♣∙♣∙∙∙♣♣♣∙∙♣▒▒∙▒∙∙∙∙∙▒▒


You could see Natasha (strong) and a hobgoblin.

Vanquished Creatures
  2 adders (D:2)
  2 dart slugs
  3 ball pythons
  6 endoplasms
  A giant cockroach (D:1)
  3 goblins (D:1)
  4 hobgoblins
  2 kobolds
  2 quokkas
  4 bats (D:1)
  2 frilled lizards (D:1)
  3 rats (D:1)
34 creatures vanquished.

Notes
Turn   | Place    | Note
-------+----------+-------------------------------------------
     0 | D:1      | Zeor the Demonspawn Monk began the quest for the Orb.
     0 | D:1      | Reached XP level 1. HP: 18/18 MP: 1/1
   268 | D:1      | Gained mutation: You have a pair of small horns on your
                  | head. [demonic ancestry]
   268 | D:1      | Reached XP level 2. HP: 11/24 MP: 2/2
   756 | D:1      | Noticed a great orb of eyes
   758 | D:1      | Found a faded altar of an unknown god.
   761 | D:1      | Noticed a golden eye
   761 | D:1      | Noticed a great orb of eyes
   761 | D:1      | Noticed a great orb of eyes
   849 | D:1      | Reached XP level 3. HP: 26/29 MP: 3/3
  1790 | D:2      | Noticed Natasha
  1804 | D:2      | Slain by Natasha

Illustrated notes

Levels and vault maps discovered:
D:1:      ncdulo_watergridlock, layout_basic,
          hellmonk_ecumenical_altar_watching_god, minmay_three_crescents
D:2:      layout_rooms, serial_forest, infiniplex_forest_end_3,
          infiniplex_forest_clump_tiny, infiniplex_forest_lined_3_way,
          infiniplex_forest_3_way, infiniplex_forest_end_2,
          infiniplex_forest_clump_curved, infiniplex_forest_zigzag_2,
          infiniplex_forest_split, infiniplex_forest_zigzag_2,
          infiniplex_forest_straight_1, basic_altar, uniq_natasha

Skill      XL: |  1  2  3 |
---------------+----------+-----
Axes           | 3 |  3.7
Stealth        | 2 |  2.0
Dodging        | 3 |  3.0
Fighting       | |  3.4

Action                   || total
-------------------------++-------
Melee: Hand axe          ||    93
       Headbutt          ||    10
  Use: Scroll            ||     5
 Stab: Sleeping          ||     2
Armor: Robe              ||     9
       Chain mail        ||    25
Dodge: Dodged            ||    43
